 Dungeon Crawl Stone Soup version 0.20.0-15-g7f486f2 (webtiles) character file.

46 vishdafish the Skirmisher (level 3, 0/43 HPs)
             Began as a Demonspawn Fighter on June 18, 2017.
             Slain by a worm (4 damage)
             ... on level 2 of the Dungeon.
             The game lasted 00:07:29 (1306 turns).

vishdafish the Skirmisher (Demonspawn Fighter)      Turns: 1306, Time: 00:07:32

Health: 0/43       AC: 21    Str: 15 (16) XL:     3   Next: 44%
Magic:  3/3        EV:  2    Int:  6 (9)  God:
Gold:   42         SH:  8    Dex: 10 (13) Spells: 2/2 levels left

rFire    . . .     SeeInvis .   a - +0 long sword
rCold    . . .     Gourm    .   c - +0 shield
rNeg     + + +     Faith    .   (armour currently unavailable)
rPois    +         Spirit   .   (helmet currently unavailable)
rElec    .         Reflect  .   (cloak currently unavailable)
rCorr    .         Harm     .   (gloves currently unavailable)
MR       .....     NoTele   +   (boots currently unavailable)
Stlth    +.........             (no amulet)
Regen    0.2/turn               (no ring)
MPRegen  0.1/turn               (no ring)

@: lethally poisoned (0 -> -16), tree-form, hasted, very quick
A: blurry vision 1, high mp 1, freezing cloud immunity
a: no special abilities


You were on level 2 of the Dungeon.
You were not hungry.
You were a tree.
You visited 1 branch of the dungeon, and saw 2 of its levels.

You collected 42 gold pieces.

Inventory:

Hand Weapons
 a - a +0 long sword (weapon)
Armour
 b - a +0 scale mail (melded)
 c - a +0 shield (worn)
Scrolls
 e - 2 scrolls of blinking {unknown}
 f - a scroll of identify {unknown}
 h - a scroll of magic mapping {unknown}
 l - a scroll of remove curse {unknown}
 m - a scroll of enchant armour {unknown}
Potions
 d - a potion of might
Comestibles
 g - 6 fruits
 j - a meat ration


   Skills:
 + Level 3.2 Fighting
 + Level 2.6 Long Blades
 + Level 3.0 Armour
 + Level 0.3 Dodging
 + Level 3.0 Shields


You had 2 spell levels left.
You didn't know any spells.

Dungeon Overview and Level Annotations

Branches:
Dungeon (2/15)

Altars:
Elyvilon


Innate Abilities, Weirdness & Mutations

((Your flesh is cold resistant. (rC+)))
You are immune to freezing clouds.
Scrolls take you a little longer to read.
You have an increased reservoir of magic. (+10% MP)


Message History

You swing at nothing.
The gnoll hits you but does no damage. x2
You slash the gnoll!
The gnoll is heavily wounded.
You feel less invigorated.
You feel less confused.
You feel sick. The gnoll completely misses you. You block the gnoll's attack.
The worm bites you but does no damage.
The gnoll hits you from afar with a spear of venom.
* * * LOW HITPOINT WARNING * * *
You barely miss the gnoll.
The gnoll is heavily wounded.
You feel sick.
The gnoll hits you but does no damage. x2
You hit the gnoll.
The gnoll is almost dead.
The gnoll hits you but does no damage.
You are lethally poisoned!
The gnoll hits you with a whip.
* * * LOW HITPOINT WARNING * * *
The gnoll hits you but does no damage. The worm bites you.
You die...

..#######.........##
..#.<..†..#######.#
##### #.#########
#.# ......#.#######
#.. ......#.##.....
....
........g..#####
..#. #gg......# (...
#.wg.....#### ...#.
#..♣.........
#........###.
#........#
#..[..>..#
#..........#
#.########## #.# #.#
#.#


You could see a worm, 3 gnolls and a hobgoblin.

Vanquished Creatures
  A gnoll (D:1)
  An ooze (D:2)
  A ball python (D:1)
  2 giant cockroaches (D:2)
  4 goblins (D:1)
  2 hobgoblins (D:2)
  A jackal (D:1)
  9 bats
  A frilled lizard (D:1)
  6 kobolds
  2 rats
30 creatures vanquished.

Notes
Turn   | Place    | Note
-------+----------+-------------------------------------------
     0 | D:1      | vishdafish the Demonspawn Fighter began the quest for the Orb.
     0 | D:1      | Reached XP level 1. HP: 18/18 MP: 1/1
   501 | D:1      | Gained mutation: Your flesh is cold resistant. (rC+) [demonic ancestry]
   501 | D:1      | Reached XP level 2. HP: 22/24 MP: 2/2
   952 | D:1      | Gained mutation: You are immune to freezing clouds. [demonic ancestry]
   952 | D:1      | Reached XP level 3. HP: 29/29 MP: 3/3
  1193 | D:2      | Found a white marble altar of Elyvilon.
  1300 | D:2      | Gained mutation: Scrolls take you a little longer to read. [potion of mutation]
  1300 | D:2      | Gained mutation: You have an increased reservoir of magic. (+10% MP) [potion of mutation]
  1306 | D:2      | Slain by a worm

Skill      XL: |  1  2  3 |
---------------+----------+-----
Long Blades    | 2 |  2.6
Shields        | 3 |  3.0
Armour         | 3 |  3.0
Fighting       | |  3.2
Dodging        | |  0.3

Action                   || total
-------------------------++-------
Melee: Long sword        ||   147
  Use: Potion            ||     5
  Eat: Bread ration      ||     1
Armor: Scale mail        ||   104
       Skin              ||    11
Dodge: Dodged            ||    52
Block: Shield            ||    93
       Rpst.: Long sword ||    16
